 Dungeon Crawl Stone Soup version 0.31-a0-960-g0fca184906 (webtiles) character file.

Game seed: 10557514440033793764

182 Azuregosa the Covert (level 5, -7/36 HPs)
             Began as an Octopode Delver on Oct 22, 2023.
             Mangled by a killer bee (8 damage)
             ... on level 4 of the Dungeon.
             The game lasted 00:09:25 (2451 turns).

Azuregosa the Covert (Octopode Delver)              Turns: 2451, Time: 00:09:26

Health: -7/36      AC:  2    Str: 11    XL:     5   Next: 61%
Magic:  1/1        EV: 13    Int: 12    God:
Gold:   83         SH:  0    Dex: 16    Spells: 4/4 levels left

rFire   . . .        x - +2 dagger (antimagic)
rCold   . . .        (no shield)
rNeg    . . .        v - +1 hat
rPois   .            (no amulet)
rElec   .            (no ring)
rCorr   .            (no ring)
SInv    .            (no ring)
Will    .....        (no ring)
Stlth   +++++        (no ring)
HPRegen 0.26/turn    (no ring)
MPRegen 0.07/turn    (no ring)
                     (no ring)

%: no passive effects
@: no status effects
A: almost no armour, amphibious, 8 rings, camouflage 1, gelatinous body 1,
(nimble swimmer 1), tentacles
a: no special abilities


You were on level 4 of the Dungeon.
You visited 1 branch of the dungeon, and saw 5 of its levels.
You also visited: Sewer.

You collected 83 gold pieces.

Inventory:

Hand Weapons
 a - a +0 short sword
 s - a +1 dagger of holy wrath
 x - a +2 antimagic dagger (weapon)
Missiles
 c - 42 stones
 g - 2 throwing nets
 h - 19 poisoned darts
 q - 3 boomerangs
Armour
 v - a +1 hat (worn)
Talismans
 r - a maw talisman
Wands
 f - a wand of digging (3)
Scrolls
 b - 2 scrolls of fog
 d - a scroll of fear
 k - a scroll of teleportation {unknown}
 m - 2 scrolls of brand weapon {unknown}
 o - 4 scrolls of noise
 u - a scroll of identify {unknown}
Potions
 e - a potion of haste
 i - 2 potions of resistance {unknown}
 j - 5 potions of heal wounds {unknown}
 l - a potion of might {unknown}
 n - 2 potions of cancellation {unknown}
 p - a potion of attraction {unknown}
 t - 2 potions of berserk rage {unknown}
 w - a potion of enlightenment {unknown}


   Skills:
 - Level 3.0 Fighting
 - Level 2.0 Short Blades
 - Level 2.0 Dodging
 + Level 10.1 Stealth


You had 4 spell levels left.
You didn't know any spells.
Your spell library contained the following spells:

 Spells                   Type           Power      Damage    Failure   Level
 Apportation              Tloc           0%         N/A       32%         1
 Kiss of Death            Conj/Necr      0%         2d5       32%         1
 Necrotise                Necr           0%         1d4       32%         1
 Summon Small Mammal      Summ           0%         N/A       32%         1
 Confusing Touch          Hex            0%         N/A       69%         3
 Dispel Undead            Necr           0%         3d6       97%         4


Dungeon Overview and Level Annotations

Branches:
Dungeon (5/15)              Sewer (visited)
 Temple: D:4-7

Altars:

Shops:
D:2 [

Annotations:
D:5 Ijyb


Innate Abilities, Weirdness & Mutations

You cannot wear most types of armour.
You are amphibious.
You can wear up to eight rings at the same time.
Your skin changes colour to match your surroundings (Stealth+).
Your rubbery body absorbs attacks. (AC +1, EV +1)
((You are camouflaged when in or above water. (Stealth+)))
You have tentacles for arms and can constrict up to eight enemies at once.


Message History

You hear some strange, mumbled words.
You are confused.
You bump into the rock wall.
Something hits you.
You hit something but do no damage. Something hits you.
Something hits you but does no damage.
You slide downwards.
The hatch slams shut behind you.
Reactivating autopickup.
You're too confused to move!
The orc wizard shouts!
The orc shouts! x2; You hear an angry buzzing noise. x2
You hear a shout!
A killer bee comes into view.
The orc closely misses you.
The orc wizard casts a spell.
The orc wizard flickers and vanishes!
Deactivating autopickup; reactivate with Ctrl-A.
Something hits you.
The killer bee buzzes angrily.
You hit the orc but do no damage.
You feel less confused.
A killer bee comes into view.
The orc misses you.
A worm comes into view.
Something hits you.
As you read the scroll of fear, it crumbles to dust.
You assume a fearsome visage.
The orc looks frightened! x3
The killer bee looks frightened! x2; The worm looks frightened!
A killer bee comes into view.
Cornered, the orc turns to fight!
An orc comes into view. It is wielding a +0 morningstar.
Cornered, the worm turns to fight!
The killer bee attacks as it pursues you!
The killer bee stings you!
* * * LOW HITPOINT WARNING * * *
The killer bee closely misses you.
The killer bee stings you but does no damage.
The killer bee attacks as it pursues you!
The killer bee stings you.
* * * LOW HITPOINT WARNING * * *
The killer bee stings you!
You die...

#####
#@y.##
#.###y##
#.. #...#
#.. #...#
#.y #.o.#
.#. ##.##
.###y.o##
# #...w
..y#o..


You could see 3 killer bees.

Vanquished Creatures
  4 adders
  6 river rats (Sewer)
  A worm (D:3)
  3 dart slugs (D:1)
  An orc (D:3)
  10 ball pythons
  An endoplasm (Sewer)
  2 giant cockroaches
  A goblin (D:1)
  3 hobgoblins
  3 jackals (D:1)
  25 kobolds
  2 quokkas (D:1)
  4 bats
  2 frilled lizards
  21 rats
89 creatures vanquished.

Notes
Turn   | Place    | Note
-------+----------+-------------------------------------------
     0 | D:5      | Azuregosa the Octopode Delver began the quest for the Orb.
     0 | D:5      | Reached XP level 1. HP: 16/16 MP: 1/1
     0 | D:5      | Noticed Ijyb
    37 | D:4      | Reached skill level 7 in Stealth
    37 | D:4      | Reached XP level 2. HP: 21/21 MP: 2/2
    51 | D:3      | Found a glowing drain.
   105 | Sewer    | Entered a sewer
   260 | Sewer    | Reached XP level 3. HP: 13/26 MP: 3/3
   326 | Sewer    | Reached skill level 8 in Stealth
   449 | Sewer    | Reached XP level 4. HP: 26/31 MP: 4/4
   654 | Sewer    | Reached skill level 9 in Stealth
  1104 | Sewer    | Reached XP level 5. HP: 36/36 MP: 5/5
  1803 | D:1      | Reached skill level 10 in Stealth
  2084 | D:2      | Found Iwopir's Armour Emporium.
  2451 | D:4      | HP: 1/36 [killer bee (5)]
  2451 | D:4      | Mangled by a killer bee

Illustrated notes

Levels and vault maps discovered:
D:1:      wander_arrival_peaceful_grave, layout_rooms
D:2:      layout_basic, serial_shops, shop
D:3:      layout_loops_ring, nicolae_qazlal_scattered_showers, serial_aquarium,
          aquarium_bridge_square [aquarium_subvault_wall,
          aquarium_subvault_wall, aquarium_subvault_bridge,
          aquarium_subvault_bridge], aquarium_window_fake, aquarium_window_1,
          aquarium_view_2b, aquarium_view_2b, cheibrodos_sewer_entry_sluice
D:4:      nicolae_cairo_tiling, layout_loops_ring, uniq_crazy_yiuf_cottage
D:5:      layout_gridville, mainiacjoe_overflow_alcove_1, minmay_statues_item,
          kennysheep_nondescript, hangedman_abyss_or_decor_passed, uniq_ijyb

Skill      XL: |  1  2  3  4  5 |
---------------+----------------+-----
Stealth        | 7 8 9 10 | 10.1
Fighting       | |  3.0
Short Blades   | |  2.0
Dodging        | |  2.0

Action                     |  1- 3 |  4- 6 || total
---------------------------+-------+-------++-------
  Melee: Short sword       |    46 |   112 ||   158
         Constrict         |    12 |    27 ||    39
         Tentacles         |     9 |    20 ||    29
         Dagger            |       |    18 ||    18
         Punch             |       |     1 ||     1
    Use: Scroll            |     1 |     2 ||     3
   Stab: Sleeping          |     4 |    26 ||    30
 Armour: Skin              |    12 |    59 ||    71
  Dodge: Dodged            |    30 |    76 ||   106

Table legend: (Time is in decaauts)
 A = Elapsed time spent in this place.
 B = Non-inter-level travel time spent in this place.
 C = Inter-level travel time spent in this place.
 D = Time resting spent in this place.
 E = Time spent auto-exploring this place.
 F = Levels seen in this place.
 G = Mean time per level.
                   A        B        C        D        E       F      G
               +--------+--------+--------+--------+--------+-----+--------+
         Total |   2430 |   2390 |     40 |    484 |   1045 |   6 |  405.0 |
       Dungeon |   1271 |   1231 |     40 |      0 |    851 |   5 |  254.2 |
         Sewer |   1159 |   1159 |      0 |    484 |    194 |   1 | 1159.0 |
               +--------+--------+--------+--------+--------+-----+--------+

Top non-repeatable levels by time:
   Sewer: 1159 daAuts
     D:2: 664 daAuts
     D:1: 391 daAuts
     D:3: 155 daAuts
     D:4: 33 daAuts
     D:5: 27 daAuts
